 Dungeon Crawl Stone Soup version 0.22-a0-406-g9ff8d77 (webtiles) character file.

1129 Borgoz the Chopper (level 8, -1/70 HPs)
             Began as a Minotaur Abyssal Knight on May 8, 2018.
             Was a Priest of Lugonu.
             Slain by an orc warrior
             ... wielding a +0 long sword
              (11 damage)
             ... on level 5 of the Dungeon.
             The game lasted 00:07:18 (5520 turns).

Borgoz the Chopper (Minotaur Abyssal Knight)        Turns: 5520, Time: 00:07:19

Health: -1/70      AC:  9    Str: 18    XL:     8   Next: 13%
Magic:  10/10      EV: 11    Int:  9    God:    Lugonu [***...]
Gold:   321        SH:  0    Dex: 11    Spells: 7/7 levels left

rFire    . . .     SeeInvis .   a - +2 hand axe
rCold    . . .     Gourm    .   (no shield)
rNeg     + + .     Faith    .   v - +2 scale mail {rN+}
rPois    .         Spirit   .   (helmet restricted)
rElec    .         Reflect  .   (no cloak)
rCorr    .         Harm     .   (no gloves)
MR       .....                  (no boots)
Stlth    +.........             (no amulet)
HPRegen  0.21/turn              k - ring of stealth
MPRegen  0.12/turn              s - ring of the Priest {+Fly rN+}

@: no status effects
A: retaliatory headbutt, horns 2
a: Depart the Abyss, Bend Space, Banish, Renounce Religion, Evoke Flight


You were on level 5 of the Dungeon.
You worshipped Lugonu.
Lugonu was most pleased with you.
You were hungry.

You visited 1 branch of the dungeon, and saw 6 of its levels.
You visited the Abyss 1 time.
You also visited: Sewer.

You collected 321 gold pieces.

Inventory:

Hand Weapons
 a - a +2 hand axe (weapon)
 b - a +2 flail of crushing
Armour
 v - a +2 scale mail of positive energy (worn)
Jewellery
 k - a ring of stealth (left hand)
 s - the ring of the Priest (right hand) {+Fly rN+}
   (You found it on level 4 of the Dungeon)

   [ring of flight]

   It protects you from negative energy.
   It lets you fly.
 w - an uncursed ring of protection from magic {unknown}
Scrolls
 d - 2 scrolls of remove curse
 e - a scroll of enchant armour {unknown}
 g - a scroll of fear
 j - 3 scrolls of magic mapping
 n - a scroll of enchant weapon
 q - 7 scrolls of identify
 r - 3 scrolls of teleportation
 t - a scroll of noise {unknown}
Potions
 f - a potion of berserk rage {unknown}
 h - a potion of haste {unknown}
 i - a potion of degeneration
 l - 3 potions of mutation
 o - a potion of curing
 p - a potion of heal wounds
 u - a potion of lignification {unknown}
Comestibles
 c - 11 rations


   Skills:
 + Level 5.9 Fighting
 * Level 6.9 Axes
 + Level 5.1 Armour
 + Level 4.0 Dodging
 + Level 4.1 Invocations
 + Level 1.6 Evocations


You had 7 spell levels left.
You didn't know any spells.

Dungeon Overview and Level Annotations

Branches:
Dungeon (6/15)
 Temple: D:4-7

Altars:
Ashenzari
Gozag
Hepliaklqana
Ru


Innate Abilities, Weirdness & Mutations

You reflexively headbutt those who attack you in melee.
You have a pair of horns on your head.


Message History

The orc warrior is heavily wounded.
The orc warrior barely misses you.
You hit the orc warrior but do no damage.
The orc warrior is heavily wounded.
You hit the orc warrior.
The orc warrior is severely wounded.
The orc warrior hits you with a long sword!
You hit the orc warrior but do no damage.
The orc warrior is severely wounded.
The orc warrior hits you with a long sword.
* * * LOW HITPOINT WARNING * * *
You hit the orc warrior but do no damage.
You headbutt the orc warrior.
The orc warrior is almost dead.
The orc warrior hits you with a long sword!
* * * LOW HITPOINT WARNING * * *
You hit the orc warrior.
The orc warrior is almost dead.
The orc warrior hits you with a long sword!
You die...

#.......####.#.# #.#
#............#.# #.# ## #
#.##.##.######.####.# ###. ##
#.##.##.### #...##.# #..> .##
#.##......####......#####.## ..#
#.#####.#...............#.#
..####.#####.######.##.#####.#.##
#............##o........####.#...
#..#####.#####..@##[##..#........
#(....##.# #...##.#<.........#.
##.##.##.# #...##.#...#.##.#.#.
##.##.##.# #...##..........#.#.
.........# #...####.###.####.#.
#.##..#.######...####.###.# #.#.
#.##..#...)<....(......##.####.##
..##..#...)..[..........#...##...
####.(##>..)...........####.#####


You could see an orc warrior.

Vanquished Creatures
  Eustachio (D:5)
  Menkaure (D:5)
  Edmund (D:5)
  2 ice beasts (D:5)
  A crocodile (Sewer)
  A crimson imp (D:5)
  A hound (D:5)
  3 orc wizards (D:5)
  Terence (D:3)
  An iguana (D:5)
  A hound zombie (D:5)
  Robin (D:3)
  7 gnolls
  9 adders
  2 adder skeletons
  2 worms
  2 dart slugs
  5 leopard geckos
  11 orcs
  2 ball pythons
  9 giant cockroaches
  19 goblins
  9 hobgoblins
  3 jackals (D:2)
  2 quokkas
  11 bats
  4 frilled lizards
  A jackal zombie (D:5)
  7 kobolds
  A leopard gecko skeleton (D:4)
  4 rats
125 creatures vanquished.

Notes
Turn   | Place    | Note
-------+----------+-------------------------------------------
     0 | Abyss:1  | Borgoz the Minotaur Abyssal Knight began the quest for the Orb.
     0 | Abyss:1  | Reached XP level 1. HP: 19/19 MP: 1/1
    45 | Abyss:1  | Noticed a white draconian
    46 | D:1      | Escaped the Abyss
    99 | D:1      | Reached XP level 2. HP: 27/27 MP: 2/2
   122 | D:1      | Reached * piety under Lugonu
   207 | D:1      | Reached skill level 3 in Axes
   779 | D:2      | Reached XP level 3. HP: 21/33 MP: 3/3
  1258 | D:2      | Reached XP level 4. HP: 40/40 MP: 4/4
  1621 | D:3      | Noticed Robin
  1635 | D:3      | Killed Robin
  1635 | D:3      | Reached skill level 4 in Axes
  1683 | D:3      | Reached ** piety under Lugonu
  1694 | D:3      | Found a glowing drain.
  1700 | Sewer    | Entered a sewer
  1730 | Sewer    | Noticed a crocodile
  1740 | Sewer    | Killed a crocodile
  1740 | Sewer    | Reached XP level 5. HP: 32/47 MP: 4/6
  2198 | D:3      | Found a shattered altar of Ashenzari.
  2370 | D:3      | Noticed Terence
  2376 | D:3      | Killed Terence
  2376 | D:3      | Reached XP level 6. HP: 49/53 MP: 7/7
  2423 | D:3      | Found an opulent altar of Gozag.
  2673 | D:4      | Got a scorched iron ring
  2704 | D:4      | Reached skill level 5 in Axes
  3179 | D:4      | Reached *** piety under Lugonu
  3221 | D:4      | Found a sacrificial altar of Ru.
  3719 | D:5      | Entered Level 5 of the Dungeon
  3768 | D:5      | Reached skill level 5 in Fighting
  3920 | D:5      | Noticed Edmund
  4003 | D:5      | Killed Edmund
  4003 | D:5      | Reached XP level 7. HP: 23/61 MP: 8/8
  4022 | D:5      | Identified the ring of the Priest {+Fly rN+} (You found it on level 4 of the Dungeon)
  4708 | D:5      | Noticed Eustachio
  4733 | D:5      | Killed Eustachio
  4733 | D:5      | Reached skill level 6 in Axes
  4824 | D:5      | Reached skill level 1 in Evocations
  5053 | D:5      | Found a hazy altar of Hepliaklqana.
  5061 | D:5      | Reached XP level 8. HP: 43/70 MP: 8/10
  5132 | D:5      | Noticed Menkaure
  5141 | D:5      | Killed Menkaure
  5141 | D:5      | Reached skill level 5 in Armour
  5520 | D:5      | Slain by an orc warrior

Vault maps used:
D:1:      arrival_zaba_pyramid, corexii_leaking_fountain
D:3:      nicolae_gozag_cash_rules_everything_around_me,
          gup_sewer_entry_bubbles, nicolae_ashenzari_panopticon, uniq_terence,
          uniq_robin
D:4:      hangedman_ru_absence
D:5:      kennysheep_little_box, first_ration, nrook_pool_corridor,
          uniq_menkaure, uniq_eustachio, uniq_edmund
D:6:      elyvilon_altar_5, serial_shops, nicolae_shop_stone,
          nicolae_shop_competitors_out_of_business, shop, shop, basic_altar,
          hangedman_feature_mirror, minivault_27
Abyss:1:  hangedman_summoners_spam, hangedman_glass_garden
Sewer:    sewer_big_baddie

Skill      XL: |  1  2  3  4  5  6  7  8 |
---------------+-------------------------+-----
Invocations    | 2 3 4 |  4.1
Axes           | 3 4 5 6 |  6.9
Fighting       | 4 5 |  5.9
Armour         | 3 4 5 |  5.1
Dodging        | 2 3 4 |  4.0
Evocations     | 1 |  1.6

Action                   |  1- 3 |  4- 6 |  7- 9 || total
-------------------------+-------+-------+-------++-------
Melee: Hand axe          |    75 |   198 |   115 ||   388
       Headbutt          |     8 |    25 |    14 ||    47
Invok: Depart the Abyss  |     1 |       |       ||     1
  Use: Scroll            |       |    10 |       ||    10
       Potion            |       |     1 |       ||     1
  Eat: Chunk             |     1 |     6 |     4 ||    11
       Ration            |       |     1 |       ||     1
Armor: Leather armour    |    11 |       |       ||    11
       Scale mail        |    21 |    89 |    39 ||   149
Dodge: Dodged            |    48 |   123 |    46 ||   217

Table legend:
 A = Spawn XP
 B = Non-spawn XP
 C = Spawn XP percentage of total XP
 D = Spawn monster count
 E = Non-spawn monster count
 F = Spawn count percentage of total count
 G = Total turns spent on level
                    A         B        C        D         E        F      G
               +---------+---------+-------+---------+---------+-------+---------
         Total |       0 |    1613 |   0.0 |       0 |     125 |   0.0 |  5520
               +---------+---------+-------+---------+---------+-------+---------
           D:1 |       0 |      30 |   0.0 |       0 |      18 |   0.0 |   723
           D:2 |       0 |      76 |   0.0 |       0 |      18 |   0.0 |   849
           D:3 |       0 |     173 |   0.0 |       0 |      41 |   0.0 |   871
           D:4 |       0 |     121 |   0.0 |       0 |      15 |   0.0 |  1225
           D:5 |       0 |    1096 |   0.0 |       0 |      25 |   0.0 |  1628
           D:6 |       0 |       6 |   0.0 |       0 |       2 |   0.0 |    15
         Sewer |       0 |     111 |   0.0 |       0 |       6 |   0.0 |   163
               +---------+---------+-------+---------+---------+-------+---------
